 Dungeon Crawl Stone Soup version 0.30-a0-122-g2a1322497e (webtiles) character file.

Game seed: 17044947797042721797

343 droid the Chopper (level 6, -1/53 HPs)
             Began as a Minotaur Fighter on Sept 16, 2022.
             Slain by a phantom (2 damage)
             ... on level 4 of the Dungeon.
             The game lasted 00:03:04 (3740 turns).

droid the Chopper (Minotaur Fighter)                Turns: 3740, Time: 00:03:05

Health: -1/53      AC:  1    Str: 22    XL:     6   Next: 31%
Magic:  5/5        EV:  4    Int:  5    God:
Gold:   150        SH: 12    Dex: 10    Spells: 5/5 levels left

rFire   + + .      SeeInvis +    a - +0 war axe
rCold   . . .      Faith    .    h - +0 tower shield
rNeg    . . .      Spirit   .    k - +0 chain mail
rPois   +          Reflect  .    (helmet restricted)
rElec   .          Harm     .    (no cloak)
rCorr   .          Rampage  .    (no gloves)
Will    +....                    (no boots)
Stlth   ..........               (no amulet)
HPRegen 0.17/turn                n - ring "Funes" {Wiz rPois rF++ Will+ SInv}
MPRegen 0.09/turn                (no ring)

@: corroded
A: horns 2, retaliatory headbutt
a: no special abilities


You were on level 4 of the Dungeon.
You visited 1 branch of the dungeon, and saw 4 of its levels.

You collected 150 gold pieces.

Inventory:

Hand Weapons
 a - a +0 war axe (weapon)
Armour
 h - a +0 tower shield (worn)
 k - a +0 chain mail (worn)
Jewellery
 n - the ring "Funes" (left hand) {Wiz rPois rF++ Will+ SInv}
   (You found it on level 4 of the Dungeon)

   [ring of wizardry]

   It improves your spell success rate.
   rF:        It greatly protects you from fire.
   rPois:     It protects you from poison.
   SInv:      It lets you see invisible.
   Will:      It increases your willpower.
Scrolls
 b - a scroll of noise {unknown}
 c - a scroll of fog {unknown}
 d - a scroll of teleportation {unknown}
 f - a scroll of silence {unknown}
 i - a scroll of vulnerability {unknown}
 j - a scroll of identify {unknown}
 l - a scroll of enchant armour {unknown}
Potions
 e - 4 potions of curing {unknown}
 g - 3 potions of attraction {unknown}
 m - a potion of haste {unknown}


   Skills:
 + Level 4.5 Fighting
 + Level 5.3 Axes
 + Level 4.9 Armour
 + Level 1.2 Dodging
 * Level 5.3 Shields


You had 5 spell levels left.
You didn't know any spells.
Your spell library contained the following spells:

 Spells                   Type           Power      Damage    Failure   Level
 Call Canine Familiar     Summ           0%         N/A       100%        3
 Gell's Gravitas          Tloc           0%         N/A       100%        3
 Portal Projectile        Hex/Tloc       0%         N/A       100%        3
 Teleport Other           Tloc           0%         N/A       100%        3
 Leda's Liquefaction      Hex/Erth       0%         N/A       100%        4
 Dispersal                Tloc           0%         N/A       100%        6


Dungeon Overview and Level Annotations

Branches:
Dungeon (4/15)
 Temple: D:4-7

Altars:
Dithmenos

Shops:
D:2 *


Innate Abilities, Weirdness & Mutations

You have a pair of horns on your head.
You reflexively headbutt those who attack you in melee.


Message History

You barely miss the adder skeleton.
The adder skeleton is severely damaged.
You block the adder skeleton's attack.
The adder skeleton bites you but does no damage.
You slash the adder skeleton!
You destroy the adder skeleton!
No target in view!
No target in view!
You now have 150 gold pieces (gained 10).
A jelly comes into view.
A scorpion zombie, an adder skeleton and an ogre come into view.
Found 11 gold pieces.
The ogre shouts!
A ball python comes into view.
There are monsters nearby!
A phantom comes into view.
There are monsters nearby!
There are monsters nearby!
The jelly hits you but does no damage.
There are monsters nearby!
You hit the jelly but do no damage. The acid corrodes you!
Your hands burn!
The jelly hits you.
You are splashed with acid!
You block the jelly's attack.
You hit the jelly.
Your hands burn!
The jelly is lightly wounded.
You hit the ogre but do no damage.
An ogre comes into view. It is wielding a +0 giant club.
The jelly hits you but does no damage.
The ogre shouts!
You hit the jelly.
Your hands burn!
The jelly is moderately wounded.
You slash the adder skeleton! You hit the ogre. You slash the phantom!
The jelly hits you. The acid corrodes you!
You are splashed with acid!
You block the ogre's attack. The phantom barely misses you.
You furiously retaliate!
You headbutt the phantom. You block the adder skeleton's attack.
The phantom hits you. The jelly barely misses you.
The ogre hits you with a +0 giant spiked club!!
* * * LOW HITPOINT WARNING * * *
The phantom attacks as you move away! The phantom hits you.
You die...

....... ..$. ....... .
.... .O..... .. #...
....... .# ####..#
....... . ... .....#
Z...... .....##
#..###J.$.... ........
#...@OS.....
........#####...ZW......
.#.###.##............#..
.#..#...#........###....
.....##............# ...
##....#.............. 8.
##....#.##..........Z. .
#.....................
..........#...........


You could see 2 ogres, a phantom, a jelly, a scorpion zombie, a ball python and
an adder skeleton.

Vanquished Creatures
  An ogre (D:4)
  An orc priest (D:3)
  A centaur skeleton (D:4)
  3 orc wizards (D:3)
  4 adders
  A shadow imp (D:4)
  2 adder skeletons (D:4)
  3 dart slugs
  5 orcs (D:3)
  11 bats
  6 endoplasms
  A giant cockroach (D:1)
  8 hobgoblins
  7 jackals (D:1)
  5 quokkas
  8 ball pythons
  6 frilled lizards
  6 kobolds
  2 rats
81 creatures vanquished.

Notes
Turn   | Place    | Note
-------+----------+-------------------------------------------
     0 | D:1      | droid the Minotaur Fighter began the quest for the Orb.
     0 | D:1      | Reached XP level 1. HP: 19/19 MP: 0/0
    25 | D:1      | Reached XP level 2. HP: 26/27 MP: 1/1
   188 | D:1      | Found a faded altar of an unknown god.
   426 | D:1      | Reached XP level 3. HP: 31/33 MP: 2/2
   946 | D:2      | Found Joniraoq's General Store.
  1204 | D:2      | Reached XP level 4. HP: 14/40 MP: 3/3
  1814 | D:3      | Found a shadowy altar of Dithmenos.
  1973 | D:3      | Reached skill level 1 in Dodging
  1996 | D:3      | Reached XP level 5. HP: 9/46 MP: 4/4
  3289 | D:4      | Reached skill level 5 in Shields
  3373 | D:4      | Identified the ring "Funes" {Wiz rPois rF++ Will+ SInv}
  3379 | D:4      | Noticed an ogre
  3387 | D:4      | Killed an ogre
  3388 | D:4      | Reached skill level 5 in Axes
  3388 | D:4      | Reached XP level 6. HP: 18/53 MP: 5/5
  3739 | D:4      | HP: 1/53 [ogre/+0 giant spiked club (23)]
  3740 | D:4      | Slain by a phantom

Illustrated notes

Levels and vault maps discovered:
D:1:      roderic_crossed_star, layout_basic,
          ebering_ecumenical_altar_abandoned, st_stairs_4
D:2:      layout_loops_ring, serial_shops, nicolae_diamond_shop,
          hangedman_glass_teeth
D:3:      layout_basic, mainiacjoe_overflow_surrounded_room
D:4:      layout_cave_pools, minmay_temple_entry_glass, serial_undead,
          serial_undead_d, serial_undead_b, serial_undead_b, serial_undead_c,
          ebering_ghost_disaster_area

Skill      XL: |  1  2  3  4  5 |
---------------+----------------+-----
Armour         | 4 |  4.9
Fighting       | 4 |  4.5
Axes           | 3 4 5 |  5.3
Shields        | 4 5 |  5.3
Dodging        | 1 |  1.2

Action                   |  1- 3 |  4- 6 || total
-------------------------+-------+-------++-------
Melee: War axe           |   106 |    88 ||   194
       Headbutt          |    11 |    13 ||    24
  Use: Potion            |       |     1 ||     1
Armor: Scale mail        |    65 |       ||    65
       Chain mail        |       |    48 ||    48
Dodge: Dodged            |    46 |    14 ||    60
Block: Buckler           |    19 |       ||    19
       Tower shield      |    50 |    41 ||    91

Table legend: (Time is in decaauts)
 A = Elapsed time spent in this place.
 B = Non-inter-level travel time spent in this place.
 C = Inter-level travel time spent in this place.
 D = Time resting spent in this place.
 E = Time spent auto-exploring this place.
 F = Levels seen in this place.
 G = Mean time per level.
                   A        B        C        D        E       F      G
               +--------+--------+--------+--------+--------+-----+--------+
         Total |   3854 |   3552 |    302 |    828 |   2156 |   4 |  963.5 |
       Dungeon |   3854 |   3552 |    302 |    828 |   2156 |   4 |  963.5 |
               +--------+--------+--------+--------+--------+-----+--------+

Top non-repeatable levels by time:
     D:3: 1488 daAuts
     D:2: 1094 daAuts
     D:1: 769 daAuts
     D:4: 502 daAuts
